[Event "Titled Tuesday Blitz December 06 Early 2022"]
[White "Manukyan, Sargis A."]
[Black "Movahed, Sina"]
[WhiteFideId "13303970"]
[BlackFideId "42520835"]
[WhiteElo "2187"]
[BlackElo "2225"]
[Result "0-1"]
[Round "05"]
[TimeControl "180+1"]
[Date "2022.12.07"]
[WhiteClock "0:00:06"]
[BlackClock "0:01:39"]

1. d4 Nf6 2. c4 g6 3. Nc3 Bg7 4. e4 d6 5. Be2 O-O 6. Nf3 e5 7. O-O exd4 8. Nxd4 Re8 9. Be3 Nxe4 10. Nxe4 Rxe4 11. Bf3 Re8 12. Qd2 Nd7 13. Rfe1 Ne5 14. Be2 c6 15. Rad1 a5 16. h3 a4 17. Nc2 Be6 18. Na3 d5 19. c5 Nc4 20. Nxc4 dxc4 21. Qb4 Qa5 22. Qxb7 Bd5 23. Qb6 Reb8 24. Qxa5 Rxa5 25. Bd2 Rxc5 26. Bc3 Bxc3 27. bxc3 Rb2 28. Ra1 a3 29. Bf3 Bxf3 30. gxf3 Rg5+ 31. Kf1 Rd5 32. Re3 Rdd2 33. Re4 Rxf2+ 0-1


[Site "https://www.chess.com"]

[Event "Titled Tuesday Blitz December 06 Early 2022"]
[White "Martin, Lewis"]
[Black "Stijve, Theo"]
[WhiteFideId "410551"]
[BlackFideId "1331132"]
[WhiteElo "2145"]
[BlackElo "2256"]
[Result "0-1"]
[Round "05"]
[TimeControl "180+1"]
[Date "2022.12.07"]
[WhiteClock "0:00:10"]
[BlackClock "0:00:51"]

1. e4 c5 2. Nf3 a6 3. d4 cxd4 4. Nxd4 Nf6 5. Nc3 e5 6. Nb3 Bb4 7. Bd2 Nc6 8. Nd5 Bxd2+ 9. Nxd2 d6 10. Bd3 Nxd5 11. exd5 Nb4 12. Bc4 b5 13. Bb3 Bb7 14. Ne4 a5 15. c3 Na6 16. a4 b4 17. O-O O-O 18. c4 f5 19. Ng3 Nc5 20. Bc2 g6 21. b3 Qf6 22. Qd2 Kg7 23. Rae1 Rae8 24. Bxf5 h5 25. Bc2 h4 26. Ne4 Nxe4 27. Bxe4 h3 28. gxh3 Bc8 29. Qd3 Rh8 30. Re3 Rh4 31. Rg3 g5 32. Kh1 Reh8 33. Rfg1 Rxh3 34. Rxh3 Rxh3 35. Qe2 Qf4 36. f3 Kf6 37. Qg2 Bd7 38. Qf2 g4 39. Rg3 gxf3 40. Rxf3 Rxf3 41. Qxf3 Bg4 42. Qxf4+ exf4 43. Kg2 Bd1 44. Kf2 Bxb3 45. Bg2 Bxc4 46. Be4 Ke5 47. Kf3 Bxd5 48. Bxd5 Kxd5 49. Kxf4 b3 0-1


[Site "https://www.chess.com"]

[Event "Titled Tuesday Blitz December 06 Early 2022"]
[White "Matinian, Nikita"]
[Black "Korobov, Anton"]
[WhiteFideId "24129100"]
[BlackFideId "14105730"]
[WhiteElo "2422"]
[BlackElo "2635"]
[Result "0-1"]
[Round "05"]
[TimeControl "180+1"]
[Date "2022.12.06"]
[WhiteClock "0:00:08"]
[BlackClock "0:00:35"]

1. e4 c5 2. Nf3 d6 3. d4 cxd4 4. Nxd4 Nf6 5. Nc3 a6 6. Be2 e6 7. g4 b5 8. g5 Nfd7 9. a3 Bb7 10. Be3 Be7 11. h4 Nc6 12. Nxc6 Bxc6 13. Qd4 O-O 14. O-O-O Rb8 15. f4 a5 16. h5 b4 17. axb4 Rxb4 18. Qd3 Qb8 19. g6 Rxb2 20. gxh7+ Kh8 21. h6 g6 22. Bd4+ e5 23. Ba7 Qxa7 24. Kxb2 Rb8+ 25. Kc1 exf4 26. Nd5 Ne5 27. Qd4 Qxd4 28. Rxd4 Bxd5 29. Rxd5 f3 30. Rb5 Rxb5 31. Bxb5 g5 32. Ba6 g4 33. Bc8 g3 34. Bh3 Bg5+ 35. Kb2 Be3 36. Ka2 g2 37. Rb1 g1=Q 38. Rb8+ Kxh7 39. Bf5+ Kxh6 40. Rh8+ Kg7 0-1


[Site "https://www.chess.com"]

[Event "Titled Tuesday Blitz December 06 Early 2022"]
[White "Matveeva, Olga"]
[Black "Alex_Sahakyan2006"]
[WhiteFideId "24107018"]
[WhiteElo "2056"]
[BlackElo "2549"]
[Result "0-1"]
[Round "05"]
[TimeControl "180+1"]
[Date "2022.12.07"]
[WhiteClock "0:00:15"]
[BlackClock "0:00:03"]

1. d4 g6 2. c4 c5 3. d5 b5 4. cxb5 a6 5. bxa6 Bg7 6. Nc3 Nf6 7. Nf3 Qa5 8. Bd2 Bxa6 9. g3 O-O 10. Bg2 d6 11. O-O Nbd7 12. Rb1 Rfb8 13. b3 Ng4 14. Qc2 Nge5 15. Ne1 c4 16. b4 Rxb4 17. Ne4 Rab8 18. Rxb4 Rxb4 19. Bxb4 Qxb4 20. Nf3 Nxf3+ 21. Bxf3 Qb2 22. Qa4 Bb5 23. Qa8+ Nf8 24. a4 Bd7 25. Qd8 c3 26. Qxe7 c2 27. Nxd6 c1=Q 28. Qxf7+ Kh8 29. Rxc1 Qxc1+ 30. Kg2 Qc5 31. Qe7 Qd4 32. Nf7+ Kg8 33. d6 Be6 34. Ng5 Bd5 35. e4 Bc4 36. a5 h6 37. Nh3 Qd3 38. g4 Qf1+ 39. Kg3 Qd3 40. Nf4 Qd2 41. Nd5 Qd4 42. Qe8 Be5+ 43. Kg2 Qd3 44. Ne7+ Kg7 45. Nd5 Qf1# 0-1


[Site "https://www.chess.com"]

[Event "Titled Tuesday Blitz December 06 Early 2022"]
[White "Meduri, Aakaash"]
[Black "Itgelt, Khuyagtsogt"]
[WhiteFideId "2032252"]
[BlackFideId "4902912"]
[WhiteElo "2113"]
[BlackElo "2227"]
[Result "0-1"]
[Round "05"]
[TimeControl "180+1"]
[Date "2022.12.07"]
[WhiteClock "0:00:37"]
[BlackClock "0:01:04"]

1. d4 Nf6 2. Bf4 e6 3. e3 b6 4. Nf3 Bb7 5. Nbd2 Be7 6. Bd3 d6 7. h3 Nbd7 8. O-O h6 9. Bh2 g5 10. c4 Rg8 11. e4 Nh5 12. d5 Nf4 13. Bxf4 gxf4 14. dxe6 fxe6 15. Nd4 Nc5 16. Qh5+ Kd7 17. Bc2 Rg5 18. Qf7 Qg8 19. Qxg8 Raxg8 20. b4 Rxg2+ 21. Kh1 Na6 22. a3 Bf6 23. N2f3 c5 24. Nb5 Bxa1 25. Rxa1 Rxf2 26. Ba4 Ke7 0-1


[Site "https://www.chess.com"]

[Event "Titled Tuesday Blitz December 06 Early 2022"]
[White "Melaugh, Shane"]
[Black "Mgeladze, Tamaz"]
[WhiteFideId "2509580"]
[BlackFideId "13601202"]
[WhiteElo "2025"]
[BlackElo "2288"]
[Result "0-1"]
[Round "05"]
[TimeControl "180+1"]
[Date "2022.12.07"]
[WhiteClock "0:00:10"]
[BlackClock "0:00:52"]

1. c4 c5 2. Nc3 Nc6 3. g3 g6 4. Bg2 Bg7 5. e4 Nf6 6. Nge2 O-O 7. d3 d6 8. O-O a6 9. h3 Rb8 10. a4 Bd7 11. f4 Ne8 12. g4 Nc7 13. f5 b5 14. axb5 axb5 15. Nxb5 Nxb5 16. cxb5 Rxb5 17. Nc3 Rb4 18. Nd5 Rd4 19. Be3 e6 20. f6 exd5 21. fxg7 Re8 22. Bxd4 Nxd4 23. Qd2 Kxg7 24. Qf2 Rf8 25. h4 Bxg4 26. exd5 Nf5 27. Ra7 Qxh4 28. Qxh4 Nxh4 29. Rf4 h5 30. d4 g5 31. Rxg4 hxg4 32. dxc5 dxc5 33. d6 Nxg2 34. Kxg2 Rd8 35. d7 f5 36. Rc7 Kf6 37. Kg3 Ke6 38. Rc6+ Kxd7 39. Rxc5 Ke6 40. Rc6+ Ke5 41. Rc5+ Rd5 42. Rc3 Ke4 43. b4 Rb5 44. Rc4+ Kd5 45. Rc2 Rxb4 46. Rf2 Ke5 47. Kg2 f4 48. Re2+ Kf5 49. Re8 g3 0-1


[Site "https://www.chess.com"]

[Event "Titled Tuesday Blitz December 06 Early 2022"]
[White "Mendez Fortes, Eduardo Jesus"]
[Black "Ramirez Vido, Robert Yorisan"]
[WhiteFideId "3502376"]
[BlackFideId "3513823"]
[WhiteElo "2307"]
[BlackElo "2367"]
[Result "1-0"]
[Round "05"]
[TimeControl "180+1"]
[Date "2022.12.07"]
[WhiteClock "0:02:03"]
[BlackClock "0:00:02"]

1. e4 d6 2. d4 Nf6 3. Nc3 g6 4. f4 Bg7 5. Nf3 c5 6. Bb5+ Bd7 7. e5 Ng4 8. Bxd7+ Qxd7 9. d5 dxe5 10. h3 e4 11. hxg4 exf3 12. Qxf3 Na6 13. Bd2 O-O-O 14. O-O-O Nc7 15. Be1 Bd4 16. Bf2 Nxd5 17. Nxd5 Qxd5 18. Qxd5 Rxd5 19. c3 Bxf2 20. Rxd5 Be3+ 21. Kc2 Bxf4 22. Rxc5+ Kb8 23. Rd1 Bd6 24. Rcd5 Kc7 25. g5 h6 26. Rh1 h5 27. Rf1 Rf8 28. c4 b6 29. Rd4 f5 30. gxf6 Rxf6 31. Rfd1 g5 32. Rd5 Rf2+ 33. R1d2 Rxd2+ 34. Kxd2 e6 35. Rd3 h4 36. Ke3 g4 37. Ke4 Be7 38. Ke5 h3 39. gxh3 g3 40. Kxe6 1-0


[Site "https://www.chess.com"]

[Event "Titled Tuesday Blitz December 06 Early 2022"]
[White "Mitrovic, Darko R"]
[Black "De Arruda, Leandro Formes"]
[WhiteFideId "927023"]
[BlackFideId "22722009"]
[WhiteElo "2150"]
[BlackElo "1880"]
[Result "1-0"]
[Round "05"]
[TimeControl "180+1"]
[Date "2022.12.07"]
[WhiteClock "0:00:08"]
[BlackClock "0:00:38"]

1. d4 d5 2. Nf3 Nf6 3. g3 e6 4. Bg2 Be7 5. O-O O-O 6. c4 Ne4 7. Nc3 f5 8. Ne5 c6 9. f4 Nd7 10. cxd5 exd5 11. Nxe4 fxe4 12. Nxd7 Bxd7 13. e3 Qb6 14. b3 a5 15. a4 Rad8 16. Rf2 Bb4 17. Ba3 Be6 18. Bxb4 Qxb4 19. Rc1 Rf7 20. Qc2 Bg4 21. Qc3 Qxc3 22. Rxc3 Rd6 23. Rfc2 Bd7 24. Bf1 b6 25. Rb2 h6 26. b4 axb4 27. Rxb4 c5 28. dxc5 bxc5 29. Rxc5 g5 30. a5 gxf4 31. gxf4 Rg6+ 32. Kf2 Bc6 33. a6 d4 34. Rxd4 h5 35. Bc4 Kg7 36. Bxf7 Kxf7 37. Rb4 Ke7 38. Rb6 Kd7 39. Rbxc6 Rxc6 40. Rxc6 Kxc6 41. f5 h4 42. f6 Kd6 43. a7 Ke6 44. a8=Q Kxf6 45. Qxe4 Kg5 46. Qf4+ Kh5 47. Qf5+ Kh6 48. Qg4 h3 49. Qxh3+ Kg6 50. Kf3 Kf6 51. Qh5 Ke7 52. Kf4 Kf6 53. Ke4 Ke7 54. Qg6 Kd7 55. h4 Ke7 56. h5 Kd7 57. h6 Ke7 58. h7 Kd7 59. Kf5 Ke7 60. Qf6+ Kd7 61. Qe6+ Kc7 62. e4 Kb7 63. Qd6 Ka7 64. Qc6 Kb8 65. Qd7 Ka8 66. e5 1-0


[Site "https://www.chess.com"]

[Event "Titled Tuesday Blitz December 06 Early 2022"]
[White "Moksh Amit Doshi"]
[Black "Forgacs, Attila Jr."]
[WhiteFideId "25064967"]
[BlackFideId "773654"]
[WhiteElo "2297"]
[BlackElo "2168"]
[Result "0-1"]
[Round "05"]
[TimeControl "180+1"]
[Date "2022.12.07"]
[WhiteClock "0:01:55"]
[BlackClock "0:02:10"]

1. d4 Nf6 2. Nf3 g6 3. Bg5 h6 4. Bxf6 exf6 5. e4 Bg7 6. Bd3 O-O 7. O-O d6 8. h3 Nc6 9. c3 Re8 10. Nbd2 d5 11. Re1 dxe4 12. Nxe4 f5 13. Nc5 b6 14. Bb5 bxc5 15. Bxc6 Rxe1+ 16. Qxe1 Rb8 17. dxc5 Rxb2 18. Rd1 Qf8 19. Qe3 Be6 20. Qf4 Qxc5 0-1


[Site "https://www.chess.com"]

[Event "Titled Tuesday Blitz December 06 Early 2022"]
[White "Molina, Roberto Junio Brito"]
[Black "Andreikin, Dmitry"]
[WhiteFideId "2109450"]
[BlackFideId "4158814"]
[WhiteElo "2376"]
[BlackElo "2735"]
[Result "0-1"]
[Round "05"]
[TimeControl "180+1"]
[Date "2022.12.06"]
[WhiteClock "0:00:05"]
[BlackClock "0:00:15"]

1. d4 Nf6 2. c4 e6 3. Nf3 b6 4. g3 Bb7 5. Bg2 Bb4+ 6. Bd2 a5 7. Nc3 O-O 8. Qc2 d6 9. O-O Nbd7 10. Bg5 Bxc3 11. Bxf6 Nxf6 12. Qxc3 Qe7 13. e3 Rfe8 14. b3 e5 15. d5 Bc8 16. Nd2 e4 17. a3 h5 18. h4 Bf5 19. b4 Ng4 20. Nb3 g5 21. Nd4 Bd7 22. bxa5 Rxa5 23. hxg5 Qxg5 24. Ra2 h4 25. f4 exf3 26. Rxf3 Rxe3 27. gxh4 Rxc3 28. hxg5 Rxc4 29. Rf4 Ne5 30. Ne2 b5 31. Rxc4 Nxc4 32. Nd4 Rxa3 33. Re2 Kf8 34. Bf1 Rg3+ 35. Kf2 Rxg5 36. Ra2 Rxd5 37. Ra8+ Ke7 38. Nf3 Rf5 39. Kg3 Rxf3+ 0-1


[Site "https://www.chess.com"]

[Event "Titled Tuesday Blitz December 06 Early 2022"]
[White "Moroni, Luca Jr"]
[Black "Han, Yichen"]
[WhiteFideId "865834"]
[BlackFideId "1054430"]
[WhiteElo "2573"]
[BlackElo "2323"]
[Result "1-0"]
[Round "05"]
[TimeControl "180+1"]
[Date "2022.12.06"]
[WhiteClock "0:01:03"]
[BlackClock "0:00:10"]

1. d4 d5 2. Bf4 Nf6 3. e3 e6 4. Nf3 Bd6 5. Nbd2 O-O 6. Bd3 c5 7. dxc5 Bxf4 8. exf4 Qc7 9. g3 Qxc5 10. Qe2 b6 11. Nb3 Qc7 12. Nbd4 Nc6 13. O-O Bb7 14. c3 Nxd4 15. Nxd4 Ne4 16. f3 Nc5 17. Rfe1 Nxd3 18. Qxd3 Rac8 19. a3 g6 20. Re5 Rfd8 21. Rae1 Qc4 22. Qd2 b5 23. g4 a5 24. f5 exf5 25. gxf5 b4 26. axb4 axb4 27. f6 Qc5 28. Re7 Qb6 29. R1e6 bxc3 30. bxc3 Qb1+ 31. Kg2 Rxc3 32. Re8+ 1-0


[Site "https://www.chess.com"]

[Event "Titled Tuesday Blitz December 06 Early 2022"]
[White "Mrudul Dehankar"]
[Black "Martinez Reyes, Pedro Ramon"]
[WhiteFideId "25096990"]
[BlackFideId "3901807"]
[WhiteElo "2139"]
[BlackElo "2354"]
[Result "0-1"]
[Round "05"]
[TimeControl "180+1"]
[Date "2022.12.07"]
[WhiteClock "0:00:02"]
[BlackClock "0:00:50"]

1. e4 Nf6 2. e5 Ng8 3. d4 d6 4. exd6 exd6 5. Bd3 Nf6 6. c4 Be7 7. Nc3 O-O 8. Nge2 Nc6 9. O-O Bg4 10. f3 Bh5 11. Be3 Re8 12. Nf4 Bf8 13. Bf2 Nb4 14. Nxh5 Nxh5 15. Be4 Nf4 16. Bxb7 Rb8 17. Be4 Qg5 18. Bg3 f5 19. Qc1 Ne2+ 20. Nxe2 Qxc1 21. Raxc1 fxe4 22. Nf4 Nxa2 23. Rb1 Rb3 24. fxe4 Rxe4 25. Nd5 c6 26. Nc3 Nxc3 27. bxc3 Rb6 28. Ra1 Rb7 29. Ra6 c5 30. Rc6 Rf7 31. Rxf7 Kxf7 32. Bxd6 cxd4 33. Rc7+ Ke8 0-1


[Site "https://www.chess.com"]

[Event "Titled Tuesday Blitz December 06 Early 2022"]
[White "Muminova, Nafisa"]
[Black "Gheorghiu, Calin"]
[WhiteFideId "14201526"]
[BlackFideId "1200305"]
[WhiteElo "2258"]
[BlackElo "2224"]
[Result "1-0"]
[Round "05"]
[TimeControl "180+1"]
[Date "2022.12.07"]
[WhiteClock "0:01:09"]
[BlackClock "0:00:05"]

1. e4 c5 2. Nf3 d6 3. d4 cxd4 4. Nxd4 Nf6 5. Nc3 a6 6. h3 e5 7. Nde2 b5 8. Ng3 Bb7 9. Bd3 g6 10. O-O Bg7 11. f4 exf4 12. Bxf4 O-O 13. a3 Nc6 14. Qd2 Ne5 15. Bh6 Qb6+ 16. Kh1 d5 17. Qg5 Nxe4 18. Bxe4 f6 19. Nxd5 fxg5 20. Nxb6 Bxe4 21. Nxe4 Bxh6 22. Nxa8 Rxa8 23. Rae1 Bg7 24. Nf6+ Bxf6 25. Rxf6 Nd7 26. Rd6 Nc5 27. b4 Na4 28. Re7 Rc8 29. Kh2 1-0


[Site "https://www.chess.com"]

[Event "Titled Tuesday Blitz December 06 Early 2022"]
[White "Najdin, Danil"]
[Black "Fernandez Hernandez, Gerardo"]
[WhiteFideId "4172426"]
[BlackFideId "2207400"]
[WhiteElo "2245"]
[BlackElo "2200"]
[Result "1-0"]
[Round "05"]
[TimeControl "180+1"]
[Date "2022.12.07"]
[WhiteClock "0:00:11"]
[BlackClock "0:00:04"]

1. d4 Nf6 2. c4 c5 3. d5 b5 4. cxb5 a6 5. bxa6 g6 6. Nc3 Bg7 7. e4 O-O 8. Nf3 Qa5 9. Bd2 Bxa6 10. Bxa6 Qxa6 11. Qe2 e6 12. Qxa6 Nxa6 13. O-O exd5 14. exd5 Rfb8 15. b3 d6 16. Rfe1 Nb4 17. Rad1 Nxa2 18. Nxa2 Rxa2 19. Bf4 Ra6 20. Rd3 Nh5 21. Bg5 h6 22. Be3 Ra3 23. Nd2 f5 24. g3 Nf6 25. Bf4 Rb6 26. Re6 Ne4 27. Rxg6 Kf7 28. Re6 Nxd2 29. Rxd2 Raxb3 30. Bxd6 c4 31. Rde2 Rb7 32. Be5 Bxe5 33. R2xe5 c3 34. Rxf5+ Kg7 35. Rc6 Rb1+ 36. Kg2 Rc1 37. Rf3 Rd7 38. Rfxc3 Rd1 39. R3c5 R1xd5 40. Rxd5 Rxd5 41. g4 Rd3 42. f3 Rd1 43. Kg3 Rd4 44. h4 Ra4 45. g5 hxg5 46. hxg5 Ra3 47. Kg4 Ra4+ 48. f4 Ra1 49. Rc7+ Kg6 50. f5# 1-0


[Site "https://www.chess.com"]

[Event "Titled Tuesday Blitz December 06 Early 2022"]
[White "Omariev, Maksim"]
[Black "Belozerov, Andrei"]
[WhiteFideId "4193423"]
[BlackFideId "4120213"]
[WhiteElo "2456"]
[BlackElo "2360"]
[Result "0-1"]
[Round "05"]
[TimeControl "180+1"]
[Date "2022.12.07"]
[WhiteClock "0:00:01"]
[BlackClock "0:00:19"]

1. g4 d5 2. Bg2 Bxg4 3. c4 c6 4. Qb3 Nf6 5. Qxb7 Nbd7 6. d4 Rb8 7. Qxc6 Rc8 8. Qa6 Rxc4 9. Nc3 e6 10. Nf3 Bb4 11. O-O O-O 12. Nb5 Qb6 13. Qxb6 axb6 14. a3 Be7 15. b3 Rc2 16. Re1 Ne4 17. Bf4 g5 18. Bg3 h5 19. h3 Bf5 20. Rac1 Rfc8 21. Rxc2 Rxc2 22. h4 g4 23. Ne5 Nxe5 24. dxe5 Nxg3 25. fxg3 Bc5+ 26. Kf1 Be3 27. Rd1 Rb2 28. b4 Kg7 29. Ke1 f6 30. exf6+ Kxf6 31. Ra1 Rb3 32. Kf1 d4 33. Bc6 d3 34. exd3 Bxd3+ 35. Kg2 Rb2+ 36. Kh1 Be2 37. Nd6 Ke5 38. Nf7+ Kd4 39. Ng5 Kc3 40. b5 Bxb5 41. Bxb5 Rxb5 42. Nxe6 Rb2 43. Nf4 Bxf4 44. gxf4 Kd4 45. Rd1+ Ke4 46. Rd6 Kf3 47. Rc6 Kg3 48. Rc3+ Kxh4 49. a4 g3 50. f5 Kh3 0-1


[Site "https://www.chess.com"]

[Event "Titled Tuesday Blitz December 06 Early 2022"]
[White "Omelja, Artem"]
[Black "Nugumanov, Bakhtiyar"]
[WhiteFideId "14119846"]
[BlackFideId "13701797"]
[WhiteElo "2404"]
[BlackElo "2287"]
[Result "1/2-1/2"]
[Round "05"]
[TimeControl "180+1"]
[Date "2022.12.07"]
[WhiteClock "0:00:06"]
[BlackClock "0:00:21"]

1. d4 Nf6 2. c4 c5 3. d5 b5 4. cxb5 a6 5. Nc3 g6 6. e4 d6 7. Nf3 Bg7 8. e5 dxe5 9. Nxe5 O-O 10. Nc6 Qc7 11. Be2 axb5 12. Bxb5 e6 13. d6 Qb6 14. Ne7+ Kh8 15. O-O Bd7 16. a4 Ne8 17. Bf4 e5 18. Qd5 Ra7 19. Bxe5 Bxe5 20. Qxe5+ f6 21. Qe3 Nxd6 22. Ned5 Qd8 23. Bxd7 Nxd7 24. Rad1 Ne5 25. Qf4 Qb8 26. Nxf6 Ne8 27. Ncd5 Nxf6 28. Nxf6 Raf7 29. Rfe1 Rxf6 30. Qxe5 Qxe5 31. Rxe5 Rxf2 32. Rxc5 Rxb2 33. Rc7 Re8 34. Ra7 Kg8 35. h3 Kf8 36. Rf1+ Kg8 37. Rff7 Ree2 38. Rg7+ Kf8 39. Rgf7+ Kg8 40. Rg7+ Kf8 41. Rxh7 Rxg2+ 42. Kf1 Rgf2+ 43. Ke1 Rfe2+ 44. Kd1 Red2+ 45. Ke1 Re2+ 46. Kf1 Rf2+ 47. Ke1 Rfe2+ 1/2-1/2


[Site "https://www.chess.com"]

[Event "Titled Tuesday Blitz December 06 Early 2022"]
[White "Oparin, Grigoriy"]
[Black "Papasimakopoulos, Alexandros"]
[WhiteFideId "24125890"]
[BlackFideId "4244125"]
[WhiteElo "2641"]
[BlackElo "2384"]
[Result "1-0"]
[Round "05"]
[TimeControl "180+1"]
[Date "2022.12.06"]
[WhiteClock "0:02:13"]
[BlackClock "0:00:09"]

1. Nf3 d5 2. g3 c6 3. Bg2 Bf5 4. c4 e6 5. Qb3 Qb6 6. d3 Nd7 7. Nh4 Bg4 8. h3 Bh5 9. g4 Bg6 10. Nc3 Nc5 11. Qxb6 axb6 12. b3 Be7 13. Nxg6 hxg6 14. Bb2 Bf6 15. O-O g5 16. Rfd1 Ne7 17. d4 Na6 18. e4 dxe4 19. Nxe4 O-O-O 20. a3 Nb8 21. Nxf6 gxf6 22. b4 Ng6 23. d5 e5 24. Bc1 Kc7 25. Be3 Nf4 26. d6+ Rxd6 27. Bxb6+ Kd7 28. Rxd6+ Kxd6 29. Rd1+ Ke6 30. Be4 Nxh3+ 31. Kf1 Nf4 32. Bc5 f5 33. Rd6+ Ke7 34. Rh6+ Kd7 35. Bxf5+ Kc7 36. Rxh8 Na6 37. Rf8 Nxc5 38. Rxf7+ Nd7 39. Rxd7+ 1-0


[Site "https://www.chess.com"]

[Event "Titled Tuesday Blitz December 06 Early 2022"]
[White "Ozen, Bahadir"]
[Black "Le, Tuan Minh"]
[WhiteFideId "6337058"]
[BlackFideId "12401153"]
[WhiteElo "2503"]
[BlackElo "2530"]
[Result "0-1"]
[Round "05"]
[TimeControl "180+1"]
[Date "2022.12.06"]
[WhiteClock "0:00:03"]
[BlackClock "0:00:30"]

1. g3 d5 2. Nf3 Nf6 3. Bg2 Nbd7 4. O-O e5 5. d3 c6 6. Nbd2 Bc5 7. e4 O-O 8. a4 a5 9. h3 Re8 10. b3 Nf8 11. Bb2 Ng6 12. Re1 Qb6 13. Qe2 Bd7 14. Nh2 h6 15. Rad1 Rad8 16. h4 Bd4 17. Bxd4 exd4 18. Kh1 Qc5 19. Ndf1 b5 20. axb5 cxb5 21. f3 a4 22. bxa4 bxa4 23. Ra1 Rc8 24. Ra2 Ra8 25. Qf2 Ne5 26. g4 dxe4 27. dxe4 Qc4 28. Raa1 Rec8 29. g5 hxg5 30. hxg5 Nh5 31. f4 Ng6 32. f5 Ngf4 33. Bf3 Qxc2 34. Qxd4 Bb5 35. Qd2 Ng3+ 36. Kg1 Qxd2 37. Nxd2 Rc2 38. Red1 Nge2+ 39. Bxe2 Nxe2+ 40. Kf2 Nc3 41. Ke3 Nxd1+ 42. Rxd1 a3 43. Ng4 a2 44. Ra1 Ra3+ 45. Kf4 Rxd2 46. Nf6+ gxf6 47. gxf6 Rf2+ 48. Ke5 Rf1 0-1


[Site "https://www.chess.com"]

[Event "Titled Tuesday Blitz December 06 Early 2022"]
[White "Pajeken, Jakob Leon"]
[Black "Zemlyanskii, Ivan"]
[WhiteFideId "12942839"]
[BlackFideId "24249971"]
[WhiteElo "2414"]
[BlackElo "2107"]
[Result "0-1"]
[Round "05"]
[TimeControl "180+1"]
[Date "2022.12.06"]
[WhiteClock "0:01:44"]
[BlackClock "0:01:18"]

1. d4 d5 2. Nf3 Nf6 3. c4 e6 4. e3 b6 5. Nc3 Bd6 6. Bd3 Bb7 7. Qe2 O-O 8. O-O Nbd7 9. e4 dxe4 10. Nxe4 Nxe4 11. Bxe4 Bxe4 12. Qxe4 Nf6 13. Qe2 c5 14. Rd1 Qc7 15. h3 Rac8 16. b3 Rfd8 17. Bb2 cxd4 18. Nxd4 Bc5 19. Nf3 Qe7 20. Ng5 h6 21. Ne4 Nxe4 22. Qxe4 Qg5 23. Qe5 Qg6 24. Qe2 Qf5 25. Rd2 Qxf2+ 0-1


[Site "https://www.chess.com"]

[Event "Titled Tuesday Blitz December 06 Early 2022"]
[White "Pakleza, Zbigniew"]
[Black "Araujo Sanchez, Josue"]
[WhiteFideId "1119290"]
[BlackFideId "6416896"]
[WhiteElo "2410"]
[BlackElo "2370"]
[Result "0-1"]
[Round "05"]
[TimeControl "180+1"]
[Date "2022.12.07"]
[WhiteClock "0:00:02"]
[BlackClock "0:00:14"]

1. d4 d5 2. Bf4 Nf6 3. e3 e6 4. Nd2 b6 5. Ngf3 Bd6 6. Bg3 O-O 7. c3 c5 8. Ne5 Ba6 9. Bxa6 Nxa6 10. Bh4 Nc7 11. f4 Nce8 12. Qf3 Qc8 13. O-O Be7 14. Rad1 Nd6 15. Bxf6 Bxf6 16. g4 g6 17. g5 Bg7 18. h4 Qa6 19. a3 Nf5 20. h5 Qb5 21. Rb1 cxd4 22. exd4 Rac8 23. h6 Bh8 24. Qd3 Qa4 25. Ng4 a5 26. Rfe1 Qc6 27. Nf3 b5 28. Nfe5 Qb7 29. Rec1 Rfd8 30. Kg2 b4 31. axb4 axb4 32. Kh3 Nd6 33. Nf2 Nc4 34. Nxc4 dxc4 35. Qe4 Qd7 36. Ng4 bxc3 37. bxc3 Rb8 38. Kg3 Qc7 39. Rxb8 Rxb8 40. Rb1 Kf8 41. Rxb8+ Qxb8 42. Qc6 Qb1 43. Qc5+ Ke8 44. Qc8+ Ke7 45. Qxh8 Qg1+ 46. Kf3 Qd1+ 47. Kg3 Qg1+ 48. Kh3 Qf1+ 49. Kh2 Qe2+ 50. Kg3 Qe1+ 51. Kf3 Qxc3+ 52. Ke4 Qd3+ 53. Ke5 Qf5# 0-1


[Site "https://www.chess.com"]

[Event "Titled Tuesday Blitz December 06 Early 2022"]
[White "Palacio,Igor Da Paz"]
[Black "Raahul V S"]
[WhiteFideId "2121140"]
[BlackFideId "25035525"]
[WhiteElo "2126"]
[BlackElo "2202"]
[Result "0-1"]
[Round "05"]
[TimeControl "180+1"]
[Date "2022.12.07"]
[WhiteClock "0:00:01"]
[BlackClock "0:00:10"]

1. e4 e5 2. Nf3 Nc6 3. Bb5 Nge7 4. c3 a6 5. Ba4 Ng6 6. d4 exd4 7. cxd4 d5 8. e5 Bb4+ 9. Nc3 O-O 10. h3 Be6 11. O-O b5 12. Bc2 Be7 13. a3 Na5 14. b3 Nb7 15. b4 c6 16. Ne1 f6 17. f4 fxe5 18. fxe5 Rxf1+ 19. Kxf1 a5 20. bxa5 Nxa5 21. Qd3 Nc4 22. a4 b4 23. Nd1 Na3 24. Bxa3 bxa3 25. Nf3 c5 26. dxc5 Bxc5 27. Nc3 Be7 28. Bb3 Rb8 29. Bxd5 Bxd5 30. Qxd5+ Kh8 31. Qxd8+ Rxd8 32. a5 Ra8 33. Nd5 Bf8 34. e6 Rxa5 35. e7 Nxe7 36. Nxe7 Bxe7 37. Ke2 a2 38. Kd3 Bf6 39. Re1 h5 0-1


[Site "https://www.chess.com"]

[Event "Titled Tuesday Blitz December 06 Early 2022"]
[White "Petrova, Irina"]
[Black "Kleiman, Jake"]
[WhiteFideId "14124122"]
[BlackFideId "2020041"]
[WhiteElo "2023"]
[BlackElo "2542"]
[Result "0-1"]
[Round "05"]
[TimeControl "180+1"]
[Date "2022.12.07"]
[WhiteClock "0:00:19"]
[BlackClock "0:00:34"]

1. e4 c5 2. Nf3 e6 3. c4 Nc6 4. Nc3 g5 5. h3 Bg7 6. Be2 h6 7. O-O Nge7 8. d3 d6 9. Be3 Nd4 10. Nb5 Nec6 11. Nfxd4 cxd4 12. Bd2 a6 13. Na3 e5 14. b4 Be6 15. b5 Ne7 16. bxa6 bxa6 17. Bg4 O-O 18. Bxe6 fxe6 19. Qg4 Qd7 20. h4 gxh4 21. Bxh6 Rf7 22. Qxh4 Qa4 23. Bc1 Raf8 24. c5 d5 25. exd5 exd5 26. Rb1 Ng6 27. Qg5 Nf4 28. Bxf4 Rxf4 29. Rb3 Qc6 30. Qe7 Qg6 31. Qd6 Qf7 32. Rb2 Rf6 33. Qxe5 Rxf2 34. Rbxf2 Bxe5 35. Rxf7 Rxf7 36. Rxf7 Kxf7 37. Nc2 a5 38. Ne1 Ke7 39. Nf3 Bg7 40. g4 Kd7 41. g5 Bf8 42. Nxd4 Bxc5 43. Kg2 Bxd4 44. Kf3 Ke6 45. Kf4 Be5+ 46. Ke3 Kf5 47. Kd2 Kxg5 48. Kc2 Kf4 49. Kb3 Ke3 50. Ka4 Bc3 0-1


[Site "https://www.chess.com"]

[Event "Titled Tuesday Blitz December 06 Early 2022"]
[White "Postnikov, Artem"]
[Black "Sargissyan, Sargis"]
[WhiteFideId "34153575"]
[BlackFideId "13303210"]
[WhiteElo "2243"]
[BlackElo "2109"]
[Result "1-0"]
[Round "05"]
[TimeControl "180+1"]
[Date "2022.12.07"]
[WhiteClock "0:00:39"]
[BlackClock "0:00:00"]

1. d4 Nf6 2. c4 g6 3. Nc3 Bg7 4. e4 O-O 5. Be2 d6 6. Bg5 c5 7. d5 h6 8. Be3 e6 9. Qd2 exd5 10. exd5 b5 11. cxb5 Qa5 12. Nf3 Bb7 13. O-O Kh7 14. Bf4 Nbd7 15. Bxd6 Rfe8 16. Rfd1 Nh5 17. h3 Rad8 18. Bh2 Nb6 19. d6 Nf6 20. Qc2 Nfd7 21. h4 Qb4 22. h5 Nc4 23. hxg6+ 1-0


[Site "https://www.chess.com"]